 Dungeon Crawl Stone Soup version 0.32-a0-41-gec2d92a32c (console) character file.

Game seed: 5751414148563891967

41927 petzl the Thaumaturge (level 14, -9/102 (105) HPs)
             Began as a Formicid Delver on Jan 25, 2024.
             Was a Believer of Vehumet.
             Mangled by a cyan ugly thing (15 damage)
             ... on level 15 of the Dungeon on Jan 26, 2024.
             The game lasted 01:35:34 (21783 turns).

petzl the Thaumaturge (Formicid Delver)            Turns: 21783, Time: 01:35:35

HP:   -9/102 (105)  AC: 16    Str: 22    XL:     14   Next: 52%
MP:   30/30         EV: 19    Int: 13    God:    Vehumet [**....]
Gold: 1054          SH:  0    Dex: 15    Spells: 29/37 levels left

rFire   + . .        a - +8 longbow (freeze)
rCold   . . .        (no shield)
rNeg    . . .        q - +6 ring mail of the Hall of Blades {Str+5 Int-2}
rPois   .            (helmet unavailable)
rElec   .            (no cloak)
rCorr   .            x - +0 pair of gloves
SInv    +            P - +0 pair of boots
Will    +....        (no amulet)
Stlth   +++          v - +5 ring of evasion
HPRegen 0.37/turn    Q - ring of protection from fire
MPRegen 0.22/turn

%: no passive effects
@: lightly drained
A: permanent stasis, dig shafts and tunnels, antennae 3, four strong arms
a: Dig, Shaft Self, Renounce Religion


You were on level 15 of the Dungeon.
You worshipped Vehumet.
Vehumet was pleased with you.
You visited 4 branches of the dungeon, and saw 20 of its levels.

You collected 1054 gold pieces.

Inventory:

Hand Weapons
 a - a +8 longbow of freezing (weapon)
 b - a +0 dagger of venom {!f =f}
 c - a +4 mace
 d - a +2 spectral quarterstaff
 e - the +10 dagger "Niunari" {freeze, Will- rCorr Dex+2, !f =f}
   (You took it off an orc wizard on level 9 of the Dungeon)

   Dex+2:     It affects your dexterity (+2).
   Will-:     It decreases your willpower.
   rCorr:     It protects you from acid and corrosion.
 k - a +2 longbow of flaming
 t - the +7 sling "Nonuvil" {antimagic, rPois Int+4}
   (You found it on level 9 of the Dungeon)

   Int+4:     It affects your intelligence (+4).
   rPois:     It protects you from poison
 L - a +2 whip of venom
Missiles
 l - 14 poisoned darts
Armour
 q - the +6 ring mail of the Hall of Blades (worn) {Str+5 Int-2}
   (You found it on level 2 of the Dungeon)

   Str+5:     It affects your strength (+5).
   Int-2:     It affects your intelligence (-2).
 x - a +0 pair of gloves (worn)
 C - an orb of guile
 D - a +2 leather armour of willpower
 P - a +0 pair of boots (worn)
 U - a +1 troll leather armour {Snorg}
Jewellery
 j - a ring of magical power
 o - a ring of protection from fire
 v - a +5 ring of evasion (left hand)
 E - a ring of wizardry
 J - a ring of fire
 Q - a ring of protection from fire (right hand)
Talismans
 s - the beast talisman "Inutal" {rElec Str+4 Dex-5}
   (You found it on level 1 of the Lair of Beasts)

   [beast talisman]

   Str+4:     It affects your strength (+4).
   Dex-5:     It affects your dexterity (-5).
   rElec:     It insulates you from electricity.
Wands
 f - a wand of digging (7)
 r - a wand of paralysis (2)
 K - a wand of flame (16)
 N - a wand of roots (4)
Scrolls
 i - 3 scrolls of fog
 m - 2 scrolls of butterflies
 y - 2 scrolls of poison
 z - 2 scrolls of brand weapon
 B - a scroll of enchant armour
 H - 3 scrolls of immolation
 R - 2 scrolls of amnesia
Potions
 h - 5 potions of lignification
 n - 2 potions of enlightenment
 F - 3 potions of curing
 G - a potion of ambrosia
Miscellaneous
 g - a lightning rod (inert)


   Skills:
 - Level 8.2 Fighting
 - Level 2.0(2.2) Maces & Flails
 - Level 1.4(2.0) Staves
 - Level 8.0 Ranged Weapons
 - Level 10.0 Armour
 - Level 6.0 Dodging
 - Level 6.0 Stealth
 - Level 12.0 Spellcasting
 * Level 8.3 Conjurations
 + Level 1.7 Necromancy
 * Level 7.9 Ice Magic
 * Level 6.4 Air Magic
 - Level 4.0 Evocations


You had 29 spell levels left.
You knew the following spells:

 Your Spells              Type           Power      Damage    Failure   Level
a - Magic Dart            Conj           100%       1d8       1%          1
l - Freezing Cloud        Conj/Ice/Air   13%        6-21      17%         5
u - Sublimation of Blood  Necr           12%        N/A       10%         2

Your spell library contained the following spells:

 Spells                   Type           Power      Damage    Failure   Level
 Static Discharge         Conj/Air       54%        3-6/arc   1%          2
 Kiss of Death            Conj/Necr      80%        2d11      1%          1
 Cigotuvi's Dreadful Rot  Necr/Alch/Air  28%        N/A       7%          2
 Apportation              Tloc           14%        N/A       13%         1
 Arcjolt                  Conj/Air       13%        1d23      19%         5
 Call Imp                 Summ           14%        N/A       21%         2
 Jinxbite                 Hex            14%        N/A       21%         2
 Confusing Touch          Hex            7%         N/A       36%         3
 Dispel Undead            Necr           12%        3d9       54%         4
 Ignite Poison            Fire/Alch      7%         N/A       78%         4
 Alistair's Intoxication  Alch           4%         N/A       98%         5
 Summon Hydra             Summ           3%         N/A       100%        7
 Maxwell's Capacitive Co  Air            12%        ∞         100%        8
 Vhi's Electric Charge    Tloc/Air       Unusable   N/A       N/A         4

Dungeon Overview and Level Annotations

Branches:
Dungeon (15/15)            Temple (1/1) D:7            Lair (3/5) D:10
    Orc (1/2) D:12         Depths (0/4) D:15
  Swamp: Lair:2-3    Shoals: Lair:2-3     Snake: Lair:2-3    Spider: Lair:2-3
 Vaults: D:13-14

Altars:
Ashenzari
Cheibriados
Dithmenos
Elyvilon
Fedhas
Gozag
Hepliaklqana
Kikubaaqudgha
Makhleb
Nemelex Xobeh
Okawaru
Qazlal
Ru
Sif Muna
Trog
Uskayaw
Vehumet
Wu Jian
Xom
Yredelemnul
Zin
The Shining One

Shops:
D:2 :

Annotations:
D:4 2 transporters, Slingman's ghost, amateur HOFi
D:5 1 transporter, Azoth's ghost, amateur DEHu
D:8 exclusion: 2 downstairs
D:9 2 transporters, exclusion: downstairs, jlumianski's ghost, journeyman GnSh
D:12 exclusion: downstairs
D:13 4 runed translucent doors
D:14 exclusion: boulder beetle, Azrael
D:15 exclusion: upstairs, Jorgrun
Temple 2 transporters
Lair:1 2 transporters, Sonja
Lair:2 Gastronok
Lair:3 exclusion: black mamba


Innate Abilities, Weirdness & Mutations

You cannot be hasted, slowed, berserked, paralysed or teleported.
You can dig through walls and to a lower floor.
You have a pair of large antennae on your head. (SInv)
Your four strong arms can wield two-handed weapons with a shield.


Message History

Okay, then.
Okay, then.
You escape the roots grasp.
Jorgrun looks as sick as possible!
Jorgrun hits you with a staff of earth.
* * * LOW HITPOINT WARNING * * *
The ground beneath you fractures!
* * * LOW HITPOINT WARNING * * *
The cyan ugly thing looks as sick as possible!
The cyan ugly thing misses you.
You climb downwards.
Beware, you cannot shaft yourself on this level.
Level annotation: exclusion: upstairs
There is a stone staircase leading up, spattered with blood here.
Okay, then.
Unknown command.
Unknown command.
Okay, then.
Okay, then.
Okay, then.
Okay, then.
Unknown command.
Unknown command.
Unknown command.
Unknown command.
Unknown command.
Unknown command.
Unknown command.
Unknown command.
Okay, then.
Unknown command.
Okay, then.
Unknown command.
You extend your mandibles.
You dig through the rock wall.
You feel drained.
Some rock shatters into small pieces.
The cyan ugly thing attacks as it pursues you!
The cyan ugly thing pecks you.
* * * LOW HITPOINT WARNING * * *
The cyan ugly thing shocks you!
You die...

.........##### ##...#. ........##
#.≈.#. ..####..# ##...#. ..####..#
###.###'# ........# #..#...#. ........#
#..#.≈.#. .###....# ####...#. .###?...#
###### ........##### ............# ###
###### .......####.# #.## #....#
....[..# #.# ##.# #....# .......# #.#
#.######....# .......####.#
##.....#....# ............######
#...#.#....# .....#####'##....#
#...#.#....## .#...#...........#
#...#.#.....#
.#...#...........#####.....#.....#
.....#...#####.....@.g^[...###'######
....##...#.........u<...............###
.##.#....#..........?...............#..
.##.#....'..)#################......'..
....######........(............)....#..
.....#...'.....###########'###'#.##.#..
.....#...#.....# #.......#....###
.....#...#...#.# #.......###'##..
.....#####.....# ##########......
........#################.......#......
........#...............+.##(...#####..
........#...............#.##........#..
.....?..#'#####'#########.........#.#..
...................................<#..
....................................#..
...#.........P.###..............#####..
...#...........#.#..............#......
...#.............#........##....#......
............#....#........##....#####..


You could see Jorgrun (extremely poisoned) and a cyan ugly thing (extremely
poisoned).

Vanquished Creatures
  Kirke (D:15)
  An ironbound preserver (D:15)
  Nessos (D:15)
  A dire elephant (D:15)
  Snorg (D:13)
  Josephine (D:15)
  A hydra (D:15)
  4 two-headed ogres
  2 boulder beetles
  5 centaur warriors
  A glowing orange brain (D:15)
  An arcanist (D:11)
  10 ugly things
  3 cyclopes
  6 manticores
  A salamander (D:15)
  A black mamba (Lair:1)
  A water nymph (D:15)
  4 gargoyles
  An unseen horror (D:13)
  A rime drake (Lair:1)
  2 cane toads (Lair:1)
  3 yaktaurs (D:15)
  2 freezing wraiths
  3 komodo dragons
  5 trolls
  A hornet (D:7)
  A blink frog (Lair:2)
  Grinder (D:6)
  A tarantella (shapeshifter) (D:15)
  10 slime creatures
  3 wyverns
  A centaur simulacrum (D:15)
  5 wraiths (D:15)
  24 yaks
  A vampire (D:10)
  A human (D:15)
  A basilisk (D:15)
  2 hogs (D:15)
  2 vampire mosquitoes (D:12)
  3 steam dragons
  An acid dragon (D:13)
  9 water moccasins
  4 orc warriors
  An ice beast (D:6)
  10 wolves
  13 centaurs
  6 ogres
  A phantom (D:6)
  A brain worm (shapeshifter) (D:15)
  A kobold brigand (D:9)
  5 bullfrogs
  6 scorpions
  14 wights
  12 killer bees
  3 howler monkeys
  4 electric eels
  5 bombardier beetles
  A crimson imp (D:11)
  8 hounds
  An orc priest (D:8)
  A jelly (D:5)
  4 iguanas
  A gnoll bouda (D:4)
  6 orc wizards
  21 gnolls
  9 adders
  2 shadow imps
  2 white imps
  4 dart slugs
  5 ribbon worms
  22 orcs
  9 ball pythons
  2 bats
  6 endoplasms
  5 giant cockroaches
  8 goblins
  8 hobgoblins
  3 jackals (D:3)
  14 kobolds
  2 quokkas
  5 frilled lizards
  3 rats
368 creatures vanquished.

Vanquished Creatures (others)
  An arcanist (D:5)
  A human (D:15)
  A white imp (D:6)
  A spectral weapon (D:10)
4 creatures vanquished.

Grand Total: 372 creatures vanquished

Notes
Turn   | Place    | Note
-------+----------+-------------------------------------------
     0 | D:5      | petzl the Formicid Delver began the quest for the Orb.
     0 | D:5      | Reached XP level 1. HP: 18/18 MP: 1/1
     8 | D:5      | Noticed an iguana
    18 | D:5      | Killed an iguana
    19 | D:5      | Reached skill level 2 in Spellcasting
    19 | D:5      | Reached XP level 2. HP: 22/24 MP: 1/5
    19 | D:5      | Reached XP level 3. HP: 27/29 MP: 1/7
   107 | D:6      | Noticed a scorpion
   107 | D:6      | Noticed an ogre
   124 | D:4      | Reached skill level 3 in Spellcasting
   191 | D:4      | Found a transporter.
   191 | D:4      | Found a transporter.
   191 | D:4      | Noticed Slingman's ghost (amateur HOFi)
   274 | D:2      | Reached XP level 4. HP: 24/35 MP: 8/8
   548 | D:2      | Reached skill level 1 in Ranged Weapons
  1227 | D:2      | Found Qiott's Vocational Training.
  1284 | D:2      | Reached XP level 5. HP: 41/41 MP: 10/10
  1591 | D:2      | Identified the +6 ring mail of the Hall of Blades {Str+5
                  | Int-2}
  1923 | D:3      | Found a glowing silver altar of Zin.
  2426 | D:3      | Reached skill level 4 in Spellcasting
  2433 | D:3      | Reached skill level 1 in Armour
  2593 | D:3      | Reached XP level 6. HP: 43/47 MP: 12/12
  2703 | D:3      | Found a sacrificial altar of Ru.
  3171 | D:4      | Reached XP level 7. HP: 53/53 MP: 13/13
  3325 | D:4      | Found an ornate altar of the Wu Jian Council.
  3398 | D:4      | You fall into a shaft and drop 3 floors!
  3398 | D:7      | Found a staircase to the Ecumenical Temple.
  3489 | Temple   | Found a transporter.
  3489 | Temple   | Found a transporter.
  3489 | Temple   | Found a transporter.
  3489 | Temple   | Found a transporter.
  3489 | Temple   | Entered the Ecumenical Temple
  3504 | D:7      | Identified a scroll of acquirement
  3511 | D:7      | Acquired a +4 longbow of freezing
  3514 | D:7      | Noticed a water moccasin
  3519 | D:7      | You fall into a shaft and drop 1 floor!
  3605 | D:7      | Noticed a water moccasin
  3605 | D:7      | Noticed a hornet
  3605 | D:7      | Noticed a water moccasin
  3669 | D:8      | Reached skill level 1 in Evocations
  3788 | D:9      | Found a stormy altar of Qazlal.
  3801 | D:9      | Noticed a water moccasin
  3861 | D:9      | Killed a water moccasin
  3875 | D:9      | Noticed a troll
  3937 | D:7      | Reached XP level 8. HP: 51/58 MP: 15/15
  4013 | D:7      | Killed a hornet
  4014 | D:7      | Reached skill level 5 in Spellcasting
  4100 | D:6      | Reached skill level 5 in Ranged Weapons
  4112 | D:6      | You fall into a shaft and drop 3 floors!
  4278 | D:8      | Noticed a two-headed ogre
  4372 | D:7      | Reached skill level 5 in Fighting
  4372 | D:7      | Reached skill level 5 in Armour
  4413 | D:7      | Reached XP level 9. HP: 59/68 MP: 16/16
  4578 | D:6      | Found a hazy altar of Hepliaklqana.
  4795 | D:6      | Noticed Grinder
  5089 | D:5      | Found a bloodstained altar of Trog.
  5090 | D:5      | Noticed a wizard
  5097 | D:5      | Killed a wizard
  5198 | D:5      | Noticed Azoth's ghost (amateur DEHu)
  5210 | D:5      | Found a transporter.
  5879 | D:5      | Reached skill level 6 in Spellcasting
  6481 | D:6      | Reached XP level 10. HP: 73/76 MP: 19/19
  6497 | D:6      | Found a broken altar of Ashenzari.
  6547 | D:6      | Killed Grinder
  7343 | D:7      | Found a shimmering altar of Xom.
  8019 | D:8      | Killed a two-headed ogre
  8020 | D:8      | Reached skill level 7 in Spellcasting
  8345 | D:9      | Identified the +7 sling "Nonuvil" {antimagic, rPois Int+4}
  8519 | D:9      | Reached skill level 8 in Spellcasting
  8559 | D:9      | Identified the +10 dagger "Niunari" {freeze, Will- rCorr
                  | Dex+2}
  8636 | D:9      | Noticed a two-headed ogre
  8666 | D:9      | Killed a two-headed ogre
  8667 | D:9      | Reached XP level 11. HP: 50/81 MP: 23/23
  8867 | D:10     | Entered Level 10 of the Dungeon
  8944 | D:9      | Found a transporter.
  8952 | D:9      | Found a bloodstained altar of Trog.
  8961 | D:9      | Found a transporter.
  8962 | D:9      | Noticed a two-headed ogre
  8962 | D:9      | Noticed jlumianski's ghost (journeyman GnSh)
  8964 | D:9      | Noticed a tengu warrior
  8972 | D:9      | Noticed a two-headed ogre
  8978 | D:9      | Noticed a moth of wrath
  9191 | D:9      | Found an opulent altar of Gozag.
  9753 | D:9      | Reached skill level 9 in Spellcasting
 10040 | D:10     | Noticed a boulder beetle
 10117 | D:10     | Found a staircase to the Lair.
 10130 | D:10     | Found a radiant altar of Vehumet.
 10136 | D:10     | Became a worshipper of Vehumet
 10178 | D:11     | Noticed a manticore
 10266 | D:11     | Noticed a boulder beetle
 10407 | D:11     | Noticed a manticore
 10412 | D:11     | Killed a manticore
 10423 | D:11     | You fall into a shaft and drop 3 floors!
 10625 | D:14     | Noticed a manticore
 10780 | D:14     | Noticed a boulder beetle
 10786 | D:14     | Noticed a centaur warrior
 10799 | D:13     | Found a runed translucent door.
 10888 | D:13     | Noticed a manticore
 10894 | D:13     | Killed a manticore
 11205 | D:13     | Noticed an arcanist
 11292 | D:12     | Noticed a manticore
 11297 | D:12     | Killed a manticore
 11298 | D:12     | Reached skill level 10 in Spellcasting
 11523 | D:11     | Noticed a brown ugly thing
 11529 | D:11     | Killed a brown ugly thing
 11530 | D:11     | Reached skill level 5 in Dodging
 11610 | D:10     | Found a snail-covered altar of Cheibriados.
 11773 | D:9      | You fall into a shaft and drop 1 floor!
 11857 | D:10     | Reached skill level 10 in Armour
 11966 | D:10     | Noticed a two-headed ogre
 12231 | D:9      | You fall into a shaft and drop 3 floors!
 12499 | D:11     | Killed a manticore
 12500 | D:11     | Reached XP level 12. HP: 88/88 MP: 26/26
 12687 | D:9      | Reached skill level 11 in Spellcasting
 12918 | D:10     | Killed a two-headed ogre
 13356 | Lair:1   | Entered Level 1 of the Lair of Beasts
 13374 | Lair:1   | Identified the beast talisman "Inutal" {rElec Str+4 Dex-5}
 13592 | Lair:2   | Reached * piety under Vehumet
 13592 | Lair:2   | Offered knowledge of Magic Dart by Vehumet.
 13595 | Lair:2   | Learned a level 1 spell: Magic Dart
 13670 | Lair:2   | Reached skill level 1 in Conjurations
 13687 | Lair:1   | Reached skill level 1 in Staves
 13695 | Lair:1   | Reached skill level 12 in Spellcasting
 13910 | Lair:2   | You fall into a shaft and drop 1 floor!
 14455 | Lair:1   | Found a transporter.
 14609 | Lair:1   | Noticed Sonja
 14670 | Lair:1   | Reached ** piety under Vehumet
 14670 | Lair:1   | Offered knowledge of Momentum Strike by Vehumet.
 14671 | Lair:1   | Reached skill level 5 in Conjurations
 14712 | Lair:1   | Reached XP level 13. HP: 30/96 MP: 29/29
 15032 | Lair:1   | Found a transporter.
 15068 | Lair:2   | Noticed Gastronok
 15256 | D:11     | Learned a level 5 spell: Freezing Cloud
 15337 | D:11     | You fall into a shaft and drop 3 floors!
 15615 | D:11     | Reached skill level 1 in Ice Magic
 15657 | D:12     | Reached skill level 1 in Air Magic
 16395 | D:12     | Found a staircase to the Orcish Mines.
 16914 | Orc:1    | Entered Level 1 of the Orcish Mines
 16914 | Orc:1    | Noticed an orc warlord
 16957 | D:13     | Found a runed translucent door.
 16958 | D:13     | Noticed a spark wasp
 16960 | D:13     | Noticed a storm dragon
 16960 | D:13     | Found the +5 Storm Queen's Shield {shock, Fly rElec}
 16977 | D:13     | Noticed a centaur warrior
 16983 | D:13     | Killed a centaur warrior
 16983 | D:13     | Offered knowledge of Static Discharge by Vehumet.
 17067 | D:13     | Noticed a centaur warrior
 17072 | D:13     | Killed a centaur warrior
 17187 | D:13     | Found a runed translucent door.
 17189 | D:13     | Noticed a spriggan air mage
 17244 | D:13     | Noticed Snorg
 17253 | D:13     | Found a runed translucent door.
 17531 | D:13     | Killed Snorg
 17868 | D:13     | You fall into a shaft and drop 1 floor!
 18092 | D:14     | Noticed Azrael
 18098 | D:14     | You fall into a shaft and drop 1 floor!
 18098 | D:15     | Entered Level 15 of the Dungeon
 18277 | D:15     | Learned a level 2 spell: Sublimation of Blood
 18282 | D:15     | Noticed a centaur warrior
 18290 | D:15     | Killed a centaur warrior
 18434 | D:15     | Noticed a centaur warrior
 18442 | D:15     | Killed a centaur warrior
 18443 | D:15     | Reached skill level 5 in Ice Magic
 18665 | D:14     | Noticed Jorgrun
 18668 | D:15     | Found an ancient bone altar of Kikubaaqudgha.
 18743 | D:14     | You fall into a shaft and drop 1 floor!
 18782 | D:14     | You fall into a shaft and drop 1 floor!
 18875 | D:14     | You fall into a shaft and drop 1 floor!
 19029 | D:15     | HP: 4/98 [red ugly thing (23)]
 19290 | D:15     | Noticed a centaur warrior
 19293 | D:15     | Killed a centaur warrior
 19710 | D:15     | Noticed Josephine
 19843 | D:15     | Killed Josephine
 19844 | D:15     | Reached skill level 5 in Air Magic
 19888 | D:15     | Reached XP level 14. HP: 105/105 MP: 25/30
 19961 | D:15     | Noticed Kirke
 19967 | D:15     | Noticed a sphinx
 19967 | D:15     | Killed Kirke
 20017 | D:15     | Found a staircase to the Depths.
 20017 | D:15     | Noticed a dire elephant
 20037 | D:15     | Killed a dire elephant
 20528 | D:15     | Noticed Nessos
 20535 | D:15     | Killed Nessos
 20819 | D:15     | Reached skill level 1 in Necromancy
 21509 | D:14     | You fall into a shaft and drop 1 floor!
 21624 | D:14     | Noticed an ironbound preserver
 21645 | D:15     | Killed an ironbound preserver
 21783 | D:15     | Mangled by a cyan ugly thing

Illustrated notes

Levels and vault maps discovered:
D:1:      wander_arrival_abandoned_jail, layout_basic, interstate_on_off
D:2:      layout_loops_ring, supply_closet_lemuel, nicolae_shop_vocational
D:3:      layout_loops_corners, overflow_temple_1_default,
          nicolae_ru_path_of_blood
D:4:      layout_basic, overflow_temple_1_default, cheibrodos_sewer_entry_drain,
          gammafunk_ghost_arena, minmay_vboxes
D:5:      kb_forest_paths, layout_loops_corners, trog_wizard,
          gammafunk_ghost_smash, serial_bayou_pond_d, minmay_tree_intersection
D:6:      layout_layer_cave, evilmike_ruin_ashenzari, lemuel_round_altar,
          uniq_grinder
D:7:      layout_rooms, mainiacjoe_overflow_boulevard, minmay_temple_entry_grid
D:8:      layout_rooms
D:9:      layout_basic, kennysheep_mini_moat,
          mainiacjoe_overflow_concentric_impassable,
          gammafunk_ghost_wrathful_warriors, dreamdust_mushroom_princess,
          kennysheep_generic_room_5
D:10:     layout_loops_ring, nicolae_vehumet_altar_sigil, chei_slow_surprise,
          erik_lair_island, grunt_ministairs_3
D:11:     layout_long_grid, lightli_wizard_tower
D:12:     layout_roguey, orc_0_dummy
D:13:     layout_long_grid, nicolae_guarded_unrand_storm_shield, uniq_snorg
D:14:     layout_big_octagon, hellmonk_vaults_order_and_chaos,
          nicolae_uskayaw_dance_hall, uniq_azrael, uniq_jorgrun
D:15:     hangedman_depths_entry_try_elsewhere_first, layout_stronghold,
          kiku_gazebo_garden_becter, uniq_kirke, uniq_nessos, uniq_josephine
Temple:   hellmonk_temple_divided_pantheon
Lair:1:   gammafunk_worm_tunnel, layout_regular_city,
          infiniplex_staircase_pool_2, lemuel_fruit_tree, serial_bayou_shore_a,
          uniq_sonja
Lair:2:   layout_gridlike, elwin_shoals_entry_stream,
          spider_nest_entry_funnel_web, nzn_ghost_randoct, evilmike_ambush
          [evilmike_ambush_outer_corners, evilmike_ambush_inner_pond],
          uniq_harold, uniq_gastronok
Lair:3:   layout_regular_city, grunt_megastairs_5
Orc:1:    layout_caves, nicolae_orc_quarried_blocks, uniq_erica

Skill      XL: |  1  2  3  4  5  6  7  8  9 10 11 12 13 14 |
---------------+-------------------------------------------+-----
Spellcasting   | 2 3 4 5 6 8 10 12 | 12.0
Ranged Weapons | 1 2 3 4 5 6 8 |  8.0
Armour         | 1 2 3 5 7 8 10 | 10.0
Fighting       | 4 5 6 7 8 |  8.2
Evocations     | 1 2 4 |  4.0
Dodging        | 3 5 6 |  6.0
Conjurations   | 5 7 8 |  8.3
Staves         | 1 |  1.4
Ice Magic      | 6 7 |  7.9
Air Magic      | 5 6 |  6.4
Necromancy     | 1 |  1.7
Maces & Flails | |  2.0
Stealth        | |  6.0

Action                     |  1- 3 |  4- 6 |  7- 9 | 10-12 | 13-15 || total
---------------------------+-------+-------+-------+-------+-------++-------
  Melee: Mace              |    21 |    57 |       |    21 |       ||    99
         Punch             |     2 |     1 |     3 |     5 |       ||    11
         Dagger            |       |    42 |   183 |   197 |    11 ||   433
         Quarterstaff      |       |       |       |    36 |     7 ||    43
         Falchion          |       |       |       |     5 |       ||     5
   Fire: Sling             |    17 |   149 |    11 |       |       ||   177
         Longbow           |       |       |   125 |   418 |   269 ||   812
  Throw: Dart              |       |       |       |       |     4 ||     4
   Cast: Freezing Cloud    |       |       |       |       |    36 ||    36
Ability: Shaft Self        |       |       |     3 |     3 |     7 ||    13
         Dig               |       |       |     4 |     4 |     8 ||    16
  Evoke: Wand              |       |       |     2 |     7 |    13 ||    22
         Lightning rod     |       |       |       |       |     4 ||     4
    Use: Scroll            |       |     1 |     7 |    10 |     8 ||    26
         Potion            |       |       |     1 |     7 |     3 ||    11
   Stab: Sleeping          |     1 |     1 |       |     3 |       ||     5
         Paralysed         |       |       |     2 |     4 |     9 ||    15
 Armour: Leather armour    |     7 |    40 |       |       |       ||    47
         Ring mail         |       |    62 |   192 |   319 |   168 ||   741
  Dodge: Dodged            |    22 |   102 |   201 |   498 |   220 ||  1043

Table legend: (Time is in decaauts)
 A = Elapsed time spent in this place.
 B = Non-inter-level travel time spent in this place.
 C = Inter-level travel time spent in this place.
 D = Time resting spent in this place.
 E = Time spent auto-exploring this place.
 F = Levels seen in this place.
 G = Mean time per level.
                   A        B        C        D        E       F      G
               +--------+--------+--------+--------+--------+-----+--------+
         Total |  22167 |  20990 |   1177 |   7059 |   7132 |  20 | 1108.3 |
       Dungeon |  20326 |  19203 |   1123 |   6286 |   6894 |  15 | 1355.1 |
        Temple |      3 |      3 |      0 |      0 |      0 |   1 |    3.0 |
          Lair |   1835 |   1781 |     54 |    773 |    238 |   3 |  611.7 |
  Orcish Mines |      1 |      1 |      0 |      0 |      0 |   1 |    1.0 |
               +--------+--------+--------+--------+--------+-----+--------+

Top non-repeatable levels by time:
    D:15: 3672 daAuts
     D:9: 2433 daAuts
    D:13: 1605 daAuts
     D:6: 1385 daAuts
  Lair:1: 1340 daAuts
    D:10: 1248 daAuts
    D:12: 1222 daAuts
     D:5: 1191 daAuts
    D:11: 1165 daAuts
     D:3: 1066 daAuts
     D:2: 1036 daAuts
     D:4: 1014 daAuts
     D:8: 977 daAuts
    D:14: 829 daAuts
     D:7: 817 daAuts
